AAA
BAKERSFIELD CANNONS @ VANCOUVER THUNDERBIRDS
08/17/2059
 
TOP OF THE 1ST
Bakersfield Cannons batting - Pitching for Vancouver Thunderbirds : LHP Preston DeGeyter
Pitching: LHP Preston DeGeyter
Batting: RHB Colby Hullinger 0-0: Called Strike
0-1: Ball
1-1: Called Strike
1-2: Strikes out swinging
Batting: LHB Keon Kakazai 0-0: Ball
1-0: Foul Ball, location: 2F
1-1: Ball
2-1: Fly out, F9 (Flyball, 9S, EV 92.5 MPH)
Batting: RHB Turk Dorey 0-0: Ball
1-0: Foul Ball, location: 2F
1-1: Swinging Strike
1-2: Ball
2-2: Strikes out looking
Top of the 1st over - 0 runs, 0 hits, 0 errors, 0 left on base; Bakersfield 0 - Vancouver 0
BOTTOM OF THE 1ST
Vancouver Thunderbirds batting - Pitching for Bakersfield Cannons : RHP Benjamin Narvaez
Pitching: RHP Benjamin Narvaez
Batting: RHB Alan West 0-0: Swinging Strike
0-1: Fly out, F9 (Flyball, 9, EV 94.4 MPH)
Batting: RHB Nickolas Kennedy 0-0: Ball
1-0: SINGLE (Line Drive, 89M, EV 93.1 MPH)
Batting: LHB Colton Constable 0-0: SINGLE (Groundball, 4MD, EV 100.0 MPH)
Nickolas Kennedy to second
Runner from 2nd tries for 3rd, SAFE, throw by CF made to third
Batting: RHB Riley Sistrunk 0-0: Called Strike
0-1: Called Strike
0-2: Ball
1-2: Ball
2-2: Strikes out swinging
Batting: LHB Bubba Cain 0-0: Foul Ball, location: 2F
0-1: Called Strike
0-2: Ball
1-2: Strikes out swinging
Bottom of the 1st over - 0 runs, 2 hits, 0 errors, 2 left on base; Bakersfield 0 - Vancouver 0
TOP OF THE 2ND
Bakersfield Cannons batting - Pitching for Vancouver Thunderbirds : LHP Preston DeGeyter
Batting: RHB Kaileb Romero 0-0: Called Strike
0-1: Ball
1-1: Foul Ball, location: 2F
1-2: Ball
2-2: Fly out, F7 (Flyball, 7S, EV 79.4 MPH)
Batting: RHB Jake Christensen 0-0: Ball
1-0: Fly out, F8 (Line Drive, 8RM, EV 98.1 MPH)
Batting: RHB Marcus McGraw 0-0: Ball
1-0: Swinging Strike
1-1: Swinging Strike
1-2: Ball
2-2: Strikes out looking
Top of the 2nd over - 0 runs, 0 hits, 0 errors, 0 left on base; Bakersfield 0 - Vancouver 0
BOTTOM OF THE 2ND
Vancouver Thunderbirds batting - Pitching for Bakersfield Cannons : RHP Benjamin Narvaez
Batting: RHB Kamryn Mazzocchi 0-0: Foul Ball, location: 2F
0-1: Ball
1-1: Ball
2-1: Fly out, F9 (Flyball, 9, EV 93.8 MPH)
Batting: LHB Damien Sidamon 0-0: Ball
1-0: Called Strike
1-1: Foul Ball, location: 2F
1-2: Ball
2-2: Strikes out swinging
Batting: RHB Andrew Stejskal 0-0: Swinging Strike
0-1: Ball
1-1: Ground out 4-3 (Groundball, 4, EV 91.9 MPH)
Bottom of the 2nd over - 0 runs, 0 hits, 0 errors, 0 left on base; Bakersfield 0 - Vancouver 0
TOP OF THE 3RD
Bakersfield Cannons batting - Pitching for Vancouver Thunderbirds : LHP Preston DeGeyter
Batting: RHB Elroy Saenz 0-0: Called Strike
0-1: Ground out 5-3 (Groundball, 56S, EV 87.5 MPH)
Batting: RHB Langdon Bushey 0-0: Ball
1-0: Swinging Strike
1-1: Foul Ball, location: 2F
1-2: Ball
2-2: Foul Ball, location: 2F
2-2: Strikes out swinging
Batting: RHB Nelson Dimas 0-0: Ball
1-0: Ball
2-0: Fly out, F8 (Flyball, 89D, EV 104.4 MPH)
Top of the 3rd over - 0 runs, 0 hits, 0 errors, 0 left on base; Bakersfield 0 - Vancouver 0
BOTTOM OF THE 3RD
Vancouver Thunderbirds batting - Pitching for Bakersfield Cannons : RHP Benjamin Narvaez
Batting: RHB Jovan Elerson 0-0: Called Strike
0-1: Called Strike
0-2: Strikes out looking
Batting: RHB Alan West 0-0: Ball
1-0: Fly out, F8 (Flyball, 8LD, EV 93.1 MPH)
Batting: RHB Nickolas Kennedy 0-0: Ground out U3 (Groundball, 34, EV 106.2 MPH)
Bottom of the 3rd over - 0 runs, 0 hits, 0 errors, 0 left on base; Bakersfield 0 - Vancouver 0
TOP OF THE 4TH
Bakersfield Cannons batting - Pitching for Vancouver Thunderbirds : LHP Preston DeGeyter
Batting: RHB Colby Hullinger 0-0: Ball
1-0: Foul Ball, location: 2F
1-1: Swinging Strike
1-2: Foul Ball, location: 2F
1-2: Ball
2-2: Strikes out swinging
Batting: LHB Keon Kakazai 0-0: Ground out 5-3 (Groundball, 5L, EV 97.5 MPH)
Batting: RHB Turk Dorey 0-0: Ball
1-0: Ball
2-0: Foul Ball, location: 2F
2-1: Foul Ball, location: 2F
2-2: Ball
3-2: Strikes out looking
Top of the 4th over - 0 runs, 0 hits, 0 errors, 0 left on base; Bakersfield 0 - Vancouver 0
BOTTOM OF THE 4TH
Vancouver Thunderbirds batting - Pitching for Bakersfield Cannons : RHP Benjamin Narvaez
Batting: LHB Colton Constable 0-0: Called Strike
0-1: Ball
1-1: Ground out 6-3 (Groundball, 6, EV 80.6 MPH)
Batting: RHB Riley Sistrunk 0-0: Called Strike
0-1: Swinging Strike
0-2: Strikes out swinging
Batting: LHB Bubba Cain 0-0: Ball
1-0: Ball
2-0: Foul Ball, location: 2F
2-1: Ground out 6-3 (Groundball, 6, EV 81.9 MPH)
Bottom of the 4th over - 0 runs, 0 hits, 0 errors, 0 left on base; Bakersfield 0 - Vancouver 0
TOP OF THE 5TH
Bakersfield Cannons batting - Pitching for Vancouver Thunderbirds : LHP Preston DeGeyter
Batting: RHB Kaileb Romero 0-0: Ball
1-0: Called Strike
1-1: Ground out 6-3 (Groundball, 6, EV 89.4 MPH)
Batting: RHB Jake Christensen 0-0: Ball
1-0: Swinging Strike
1-1: Swinging Strike
1-2: Ground out 6-3 (Groundball, 56D, EV 86.2 MPH)
Batting: RHB Marcus McGraw 0-0: Swinging Strike
0-1: Ball
1-1: Fly out, F4 (Flyball, 34D, EV 82.5 MPH)
Top of the 5th over - 0 runs, 0 hits, 0 errors, 0 left on base; Bakersfield 0 - Vancouver 0
BOTTOM OF THE 5TH
Vancouver Thunderbirds batting - Pitching for Bakersfield Cannons : RHP Benjamin Narvaez
Batting: RHB Kamryn Mazzocchi 0-0: Called Strike
0-1: Ball
1-1: Called Strike
1-2: Strikes out swinging
Batting: LHB Damien Sidamon 0-0: Ball
1-0: Ball
2-0: Called Strike
2-1: Fly out, F8 (Line Drive, 8RM, EV 105.0 MPH)
Batting: RHB Andrew Stejskal 0-0: Called Strike
0-1: Ball
1-1: Ball
2-1: Foul Ball, location: 2F
2-2: DOUBLE (Flyball, 78XD, EV 99.4 MPH)
Batting: RHB Jovan Elerson 0-0: Foul Ball, location: 2F
0-1: Ball
1-1: Ground out 5-3 (Groundball, 25, EV 87.5 MPH)
Bottom of the 5th over - 0 runs, 1 hit, 0 errors, 1 left on base; Bakersfield 0 - Vancouver 0
TOP OF THE 6TH
Bakersfield Cannons batting - Pitching for Vancouver Thunderbirds : LHP Preston DeGeyter
Batting: RHB Elroy Saenz 0-0: Ball
1-0: Foul Ball, location: 2F
1-1: Ball
2-1: Fly out, F8 (Flyball, 8LD, EV 97.5 MPH)
Batting: RHB Langdon Bushey 0-0: Called Strike
0-1: Ball
1-1: Ball
2-1: Swinging Strike
2-2: Strikes out swinging
Batting: RHB Nelson Dimas 0-0: Called Strike
0-1: SINGLE (Line Drive, 78S, EV 110.0 MPH)
Batting: RHB Colby Hullinger Pickoff Throw to First - Out! 1-3 CS
Top of the 6th over - 0 runs, 1 hit, 0 errors, 0 left on base; Bakersfield 0 - Vancouver 0
BOTTOM OF THE 6TH
Vancouver Thunderbirds batting - Pitching for Bakersfield Cannons : RHP Benjamin Narvaez
Batting: RHB Alan West 0-0: Ball
1-0: Fly out, F9 (Flyball, 89M, EV 76.9 MPH)
Batting: RHB Nickolas Kennedy 0-0: Ball
1-0: Ball
2-0: SINGLE (Groundball, 6MD, EV 102.5 MPH)
Batting: LHB Colton Constable 0-0: Called Strike
Nickolas Kennedy is caught stealing 2nd base 2-6
0-1: Ball
1-1: Ball
2-1: Ground out 4-3 (Groundball, 4, EV 86.2 MPH)
Bottom of the 6th over - 0 runs, 1 hit, 0 errors, 0 left on base; Bakersfield 0 - Vancouver 0
TOP OF THE 7TH
Bakersfield Cannons batting - Pitching for Vancouver Thunderbirds : LHP Preston DeGeyter
Batting: RHB Colby Hullinger 0-0: Swinging Strike
0-1: Ball
1-1: Foul Ball, location: 2F
1-2: Ball
2-2: Strikes out swinging
Batting: LHB Keon Kakazai 0-0: Ball
1-0: SINGLE (Groundball, 6MD, EV 100.0 MPH) (infield hit)
Batting: RHB Turk Dorey 0-0: Called Strike
Keon Kakazai is caught stealing 2nd base 2-4
0-1: Ball
1-1: Ball
2-1: Ball
3-1: Called Strike
3-2: Base on Balls
Batting: RHB Kaileb Romero 0-0: Ball
1-0: Fly out, F8 (Flyball, 8RM, EV 97.5 MPH)
Top of the 7th over - 0 runs, 1 hit, 0 errors, 1 left on base; Bakersfield 0 - Vancouver 0
BOTTOM OF THE 7TH
Vancouver Thunderbirds batting - Pitching for Bakersfield Cannons : RHP Benjamin Narvaez
Batting: RHB Riley Sistrunk 0-0: Swinging Strike
0-1: Ball
1-1: Ball
2-1: Foul Ball, location: 2F
2-2: Foul Ball, location: 2F
2-2: Fly out, F6 (Line Drive, 6, EV 63.1 MPH)
Batting: LHB Bubba Cain 0-0: Ball
1-0: Ball
2-0: Ball
3-0: Base on Balls
Batting: RHB Kamryn Mazzocchi 0-0: Swinging Strike
0-1: Foul Ball, location: 2F
0-2: Ball
1-2: Ball
2-2: Strikes out swinging
Batting: LHB Damien Sidamon 0-0: Foul Ball, location: 2F
0-1: Ball
1-1: Ball
2-1: Called Strike
2-2: Foul Ball, location: 2F
2-2: Strikes out swinging wild pitch, reaches first!
Bubba Cain to second
Pitching: RHP Leonard Yong
Batting: RHB Andrew Stejskal 0-0: Fly out, F8 (Flyball, 78M, EV 92.5 MPH)
Bottom of the 7th over - 0 runs, 0 hits, 0 errors, 2 left on base; Bakersfield 0 - Vancouver 0
TOP OF THE 8TH
Bakersfield Cannons batting - Pitching for Vancouver Thunderbirds : LHP Preston DeGeyter
Pitching: RHP Brendan Fruth
Batting: RHB Jake Christensen 0-0: Ball
1-0: SOLO HOME RUN (Flyball, 78XD, EV 98.1 MPH), Distance : 406 ft
Batting: RHB Marcus McGraw 0-0: Foul Ball, location: 2F
0-1: Ball
1-1: Ball
2-1: Ball
3-1: Fly out, F8 (Flyball, 89D, EV 82.5 MPH)
Batting: RHB Elroy Saenz 0-0: Ball
1-0: Called Strike
1-1: Foul Ball, location: 2F
1-2: Strikes out swinging
Batting: RHB Langdon Bushey 0-0: Ball
1-0: Foul Ball, location: 2F
1-1: Fly out, F5 (Line Drive, 5, EV 65.0 MPH)
Top of the 8th over - 1 run, 1 hit, 0 errors, 0 left on base; Bakersfield 1 - Vancouver 0
BOTTOM OF THE 8TH
Vancouver Thunderbirds batting - Pitching for Bakersfield Cannons : RHP Leonard Yong
Batting: RHB Jovan Elerson 0-0: Called Strike
0-1: Ball
1-1: Ground out 6-3 (Groundball, 6, EV 86.9 MPH)
Batting: RHB Alan West 0-0: Foul Ball, location: 2F
0-1: Ball
1-1: Ball
2-1: SINGLE (Flyball, 34D, EV 96.2 MPH)
Batting: SHB Kyle O'Brien 0-0: Called Strike
0-1: Ball
1-1: Ball
2-1: Foul Ball, location: 2F
2-2: Foul Ball, location: 2F
2-2: Strikes out swinging
Batting: LHB Colton Constable 0-0: Foul Ball, location: 2F
0-1: Ball
1-1: Foul Ball, location: 2F
1-2: Fielders Choice at 2nd, 6-4 (Groundball, 6, EV 88.1 MPH)
Bottom of the 8th over - 0 runs, 1 hit, 0 errors, 1 left on base; Bakersfield 1 - Vancouver 0
TOP OF THE 9TH
Bakersfield Cannons batting - Pitching for Vancouver Thunderbirds : RHP Brendan Fruth
Batting: RHB Nelson Dimas 0-0: Ball
1-0: Swinging Strike
1-1: Ball
2-1: Foul Ball, location: 2F
2-2: Strikes out swinging
Batting: RHB Colby Hullinger 0-0: Called Strike
0-1: Foul Ball, location: 2F
0-2: Ball
1-2: SINGLE (Groundball, 6MD, EV 103.8 MPH)
Batting: LHB Keon Kakazai 0-0: Called Strike
0-1: Ground out 4-3 (Groundball, 13, EV 80.0 MPH)
Colby Hullinger to second
Batting: RHB Turk Dorey 0-0: Ball
1-0: Ball
2-0: Fly out, F9 (Flyball, 9S, EV 82.5 MPH)
Top of the 9th over - 0 runs, 1 hit, 0 errors, 1 left on base; Bakersfield 1 - Vancouver 0
BOTTOM OF THE 9TH
Vancouver Thunderbirds batting - Pitching for Bakersfield Cannons : RHP Leonard Yong
Pitching: RHP Townes Parker
Batting: RHB Riley Sistrunk 0-0: Foul Ball, location: 2F
0-1: Ball
1-1: Called Strike
1-2: Ball
2-2: Ball
3-2: SOLO HOME RUN (Flyball, 9LD, EV 95.0 MPH), Distance : 349 ft
Batting: LHB Bubba Cain 0-0: Foul Ball, location: 2F
0-1: Called Strike
0-2: Strikes out swinging
Pinch Hitting: LHB Randy Logan 0-0: Foul Ball, location: 2F
0-1: Foul Ball, location: 2F
0-2: Strikes out swinging
Batting: LHB Damien Sidamon 0-0: Foul Ball, location: 2F
0-1: Swinging Strike
0-2: Ball
1-2: Ball
2-2: Foul Ball, location: 2F
2-2: Ground out 4-3 (Groundball, 4, EV 80.0 MPH)
Bottom of the 9th over - 1 run, 1 hit, 0 errors, 0 left on base; Bakersfield 1 - Vancouver 1
TOP OF THE 10TH
Bakersfield Cannons batting - Pitching for Vancouver Thunderbirds : RHP Brendan Fruth
Pitching: RHP Brad Wiese
Now in CF: Bubba Cain
Now in RF: Randy Logan
Batting: RHB Kaileb Romero 0-0: Foul Ball, location: 2F
0-1: Foul Ball, location: 2F
0-2: Foul Ball, location: 2F
0-2: Strikes out swinging
Batting: RHB Jake Christensen 0-0: Called Strike
0-1: Ball
1-1: Ball
2-1: Swinging Strike
2-2: Fly out, F8 (Flyball, 78D, EV 91.2 MPH)
Batting: RHB Marcus McGraw 0-0: SINGLE (Flyball, 34D, EV 90.6 MPH)
Pinch Hitting: RHB Adan Natoli 0-0: Ball
1-0: Ball
2-0: Fly out, F9 (Line Drive, 9S, EV 100.6 MPH)
Top of the 10th over - 0 runs, 1 hit, 0 errors, 1 left on base; Bakersfield 1 - Vancouver 1
BOTTOM OF THE 10TH
Vancouver Thunderbirds batting - Pitching for Bakersfield Cannons : RHP Townes Parker
Now at 2B: Carlton Carreon
Batting: RHB Andrew Stejskal 0-0: Swinging Strike
0-1: Swinging Strike
0-2: Ball
1-2: Ball
2-2: Strikes out swinging
Pitching: RHP Kel Ingle
Batting: RHB Jovan Elerson 0-0: Called Strike
0-1: Called Strike
0-2: Foul Ball, location: 2F
0-2: Foul Ball, location: 2F
0-2: Strikes out swinging
Batting: RHB Alan West 0-0: Swinging Strike
0-1: SINGLE (Groundball, 6D, EV 107.5 MPH)
Batting: SHB Kyle O'Brien 0-0: Reached on error, E4 (Groundball, 4S, EV 85.0 MPH)
Alan West to third
Batting: LHB Colton Constable 0-0: Ball
1-0: Ball
2-0: Fly out, F7 (Flyball, 7LS, EV 78.8 MPH)
Bottom of the 10th over - 0 runs, 1 hit, 1 error, 2 left on base; Bakersfield 1 - Vancouver 1
TOP OF THE 11TH
Bakersfield Cannons batting - Pitching for Vancouver Thunderbirds : RHP Brad Wiese
Batting: RHB Langdon Bushey 0-0: Fly out, F8 (Line Drive, 8LS, EV 96.2 MPH)
Batting: RHB Nelson Dimas 0-0: Called Strike
0-1: Ball
1-1: Called Strike
1-2: Strikes out looking
Batting: RHB Colby Hullinger 0-0: Called Strike
0-1: Ground out 4-3 (Groundball, 4, EV 98.1 MPH)
Top of the 11th over - 0 runs, 0 hits, 0 errors, 0 left on base; Bakersfield 1 - Vancouver 1
BOTTOM OF THE 11TH
Vancouver Thunderbirds batting - Pitching for Bakersfield Cannons : RHP Kel Ingle
Batting: RHB Riley Sistrunk 0-0: Ball
1-0: Ball
2-0: Ball
3-0: Called Strike
3-1: Base on Balls
Batting: LHB Bubba Cain 0-0: Foul Ball, location: 2F
0-1: Foul Ball, location: 2F
0-2: Grounds into double play, 6-4-3 (Groundball, 6S, EV 84.4 MPH)
Batting: LHB Randy Logan 0-0: Called Strike
0-1: Ball
1-1: Ground out 6-3 (Groundball, 6, EV 83.8 MPH)
Bottom of the 11th over - 0 runs, 0 hits, 0 errors, 0 left on base; Bakersfield 1 - Vancouver 1
TOP OF THE 12TH
Bakersfield Cannons batting - Pitching for Vancouver Thunderbirds : RHP Brad Wiese
Batting: LHB Keon Kakazai 0-0: Hit by Pitch
Batting: RHB Turk Dorey 0-0: Called Strike
0-1: Ball
1-1: Ball
2-1: Ball
3-1: Foul Ball, location: 2F
3-2: Base on Balls
Keon Kakazai to second
Batting: RHB Kaileb Romero 0-0: Ball
1-0: Grounds into double play, 5-4-3 (Groundball, 56, EV 86.2 MPH)
Keon Kakazai to third
Batting: RHB Jake Christensen 0-0: Foul Ball, location: 2F
0-1: Called Strike
0-2: Ball
1-2: Ball
2-2: Ball
3-2: Base on Balls
Batting: RHB Marcus McGraw 0-0: Ball
1-0: Foul Ball, location: 2F
1-1: Ball
2-1: Ball
3-1: Ground out 4-3 (Groundball, 34, EV 83.8 MPH)
Top of the 12th over - 0 runs, 0 hits, 0 errors, 2 left on base; Bakersfield 1 - Vancouver 1
BOTTOM OF THE 12TH
Vancouver Thunderbirds batting - Pitching for Bakersfield Cannons : RHP Kel Ingle
Pitching: LHP Dalton Robbins
Pinch Hitting: RHB Ayden Harley 0-0: Ball
1-0: Fly out, F5 (Line Drive, 5, EV 61.9 MPH)
Batting: RHB Andrew Stejskal 0-0: Called Strike
0-1: Ball
1-1: Ball
2-1: Swinging Strike
2-2: Strikes out swinging
Batting: RHB Jovan Elerson 0-0: Foul Ball, location: 2F
0-1: Ball
1-1: Foul Ball, location: 2F
1-2: Foul Ball, location: 2F
1-2: Ball
2-2: Foul Ball, location: 2F
2-2: Ground out 6-3 (Groundball, 6, EV 77.5 MPH)
Bottom of the 12th over - 0 runs, 0 hits, 0 errors, 0 left on base; Bakersfield 1 - Vancouver 1
TOP OF THE 13TH
Bakersfield Cannons batting - Pitching for Vancouver Thunderbirds : RHP Brad Wiese
Pitching: RHP Ed Brooks
Now at C: J.J. Court
Batting: LHB Carlton Carreon 0-0: Ball
1-0: Foul Ball, location: 2F
1-1: Foul Ball, location: 2F
1-2: Ball
2-2: Strikes out swinging
Batting: RHB Langdon Bushey 0-0: Swinging Strike
0-1: Called Strike
0-2: Ball
1-2: Strikes out swinging
Batting: RHB Nelson Dimas 0-0: Ball
1-0: Ground out 1-3 (Groundball, P, EV 63.8 MPH)
Top of the 13th over - 0 runs, 0 hits, 0 errors, 0 left on base; Bakersfield 1 - Vancouver 1
BOTTOM OF THE 13TH
Vancouver Thunderbirds batting - Pitching for Bakersfield Cannons : LHP Dalton Robbins
Batting: RHB Alan West 0-0: Foul Ball, location: 2F
0-1: DOUBLE (Line Drive, 9LM, EV 108.8 MPH)
Batting: SHB Kyle O'Brien 0-0: Called Strike
0-1: Ball
1-1: Called Strike
1-2: Strikes out swinging
Batting: LHB Colton Constable 0-0: Ball
1-0: SINGLE (Line Drive, 8LS, EV 96.2 MPH)
Alan West to third
Batting: RHB Riley Sistrunk 0-0: Ball
1-0: Foul Ball, location: 2F
1-1: Swinging Strike
1-2: Ball
2-2: Foul Ball, location: 2F
2-2: Strikes out swinging
Batting: LHB Bubba Cain 0-0: Swinging Strike
0-1: Foul Ball, location: 2F
0-2: Strikes out swinging
Bottom of the 13th over - 0 runs, 2 hits, 0 errors, 2 left on base; Bakersfield 1 - Vancouver 1
TOP OF THE 14TH
Bakersfield Cannons batting - Pitching for Vancouver Thunderbirds : RHP Ed Brooks
Batting: RHB Colby Hullinger 0-0: Called Strike
0-1: Called Strike
0-2: Ball
1-2: Strikes out swinging
Batting: LHB Keon Kakazai 0-0: Ball
1-0: Ball
2-0: Called Strike
2-1: Swinging Strike
2-2: Ground out 6-3 (Groundball, 6, EV 113.1 MPH)
Batting: RHB Turk Dorey 0-0: DOUBLE (Line Drive, 89D, EV 112.5 MPH)
Batting: RHB Kaileb Romero 0-0: Called Strike
0-1: Ground out 4-3 (Groundball, 4, EV 85.6 MPH)
Top of the 14th over - 0 runs, 1 hit, 0 errors, 1 left on base; Bakersfield 1 - Vancouver 1
BOTTOM OF THE 14TH
Vancouver Thunderbirds batting - Pitching for Bakersfield Cannons : LHP Dalton Robbins
Batting: LHB Randy Logan 0-0: Fly out, F8 (Flyball, 8RXD, EV 95.6 MPH)
Batting: LHB J.J. Court 0-0: Called Strike
0-1: Fly out, F8 (Flyball, 8LS, EV 83.1 MPH)
Batting: RHB Andrew Stejskal 0-0: Called Strike
0-1: Swinging Strike
0-2: Ball
1-2: Strikes out looking
Bottom of the 14th over - 0 runs, 0 hits, 0 errors, 0 left on base; Bakersfield 1 - Vancouver 1
TOP OF THE 15TH
Bakersfield Cannons batting - Pitching for Vancouver Thunderbirds : RHP Ed Brooks
Batting: RHB Jake Christensen 0-0: Ball
1-0: Foul Ball, location: 2F
1-1: Called Strike
1-2: Fly out, F6 (Popup, 6M, EV 60.0 MPH)
Batting: RHB Marcus McGraw 0-0: Fly out, F8 (Flyball, 8RD, EV 92.5 MPH)
Batting: LHB Carlton Carreon 0-0: Ball
1-0: Called Strike
1-1: SINGLE (Line Drive, 4M, EV 96.2 MPH)
Batting: RHB Langdon Bushey 0-0: Called Strike
0-1: Foul Ball, location: 2F
0-2: Ball
1-2: Strikes out swinging
Top of the 15th over - 0 runs, 1 hit, 0 errors, 1 left on base; Bakersfield 1 - Vancouver 1
BOTTOM OF THE 15TH
Vancouver Thunderbirds batting - Pitching for Bakersfield Cannons : LHP Dalton Robbins
Batting: RHB Jovan Elerson 0-0: Called Strike
0-1: Ball
1-1: SINGLE (Groundball, 25, EV 67.5 MPH) (infield hit)
Batting: RHB Alan West 0-0: Ball
1-0: Sac Bunt to 13S - play at first, batter OUT! 1-3
Jovan Elerson to second
Batting: SHB Kyle O'Brien 0-0: Ball
1-0: Foul Ball, location: 2F
1-1: Foul Ball, location: 2F
1-2: Strikes out swinging
Pitching: RHP A.J. Yeley
Batting: LHB Colton Constable 0-0: Called Strike
0-1: Ball
1-1: Called Strike
1-2: SINGLE (Groundball, 34D, EV 93.8 MPH)
Jovan Elerson to third
Runner from 3rd tries for Home, SAFE, throw by RF to home
Bottom of the 15th over - 1 run, 2 hits, 0 errors, 1 left on base; Bakersfield 1 - Vancouver 2
Saturday, March 23rd , 2024 - OOTP Baseball 23.10 Build 110